Get step-by-step instructions on how to execute this build order below. Start the game timer, and the build order will tick by so you can play in parallel with StarCraft on a second screen or mobile device.

Game Time

  0:00

Last Step

  N/A

Next Step

  12  0:00  SCV  

Upcoming Step

  13  0:13  SCV  

Don't want to look back and forth between 2 screens? Try out our Overwolf App, the Spawning Tool Build Advisor to get an in-game overlay with this build!

Complete Build Order

  12  0:00  SCV  
  13  0:13  SCV  
  14  0:18  Supply Depot  
  14  0:43  Barracks  
  14  1:02  Command Center  
  14  1:30  Orbital Command, Supply Depot  
  14  1:31  Marine  
  15  1:36  Refinery  
  15  1:47  Refinery  
  15  1:55  SCV  
  16  2:07  SCV  
  17  2:14  SCV  
  17  2:15  Reaper  
  19  2:21  SCV  
  20  2:28  SCV  
  21  2:35  SCV  
  22  2:43  SCV  
  23  2:50  Refinery, SCV  
  24  2:57  Marine, SCV  
  26  3:05  SCV  
  27  3:12  SCV  
  28  3:14  Factory  
  28  3:37  Refinery, SCV  
  28  3:39  Marine  
  30  3:45  SCV  
  31  3:52  SCV  
  31  3:55  Supply Depot  
  32  3:59  SCV  
  33  4:05  Starport  
  33  4:06  SCV  
  34  4:14  SCV  
  35  4:21  Barracks Tech Lab, SCV  
  36  4:28  SCV  
  37  4:36  SCV  
  38  4:40  Reaper  
  38  4:41  Supply Depot  
  38  4:42  Starport Tech Lab  
  38  4:43  SCV  
  40  4:50  SCV  
  41  4:58  SCV  
  41  5:02  Raven  
  41  5:05  SCV  
  44  5:12  SCV  
  45  5:19  SCV  
  46  5:22  Marine  
  46  5:26  SCV  
  48  5:36  Raven  
  49  5:43  SCV  
  50  6:04  Marine  
  51  6:46  Marauder  
  53  6:51  SCV  
  53  8:10  Marine  
  45  8:18  Supply Depot, SCV  
  5  8:39  Supply Depot